 Dungeon Crawl Stone Soup version 0.23-a0-79-gaa8cc03 (webtiles) character file.

30 Amnesiac the Gusty (level 3, -6/24 HPs)
             Began as a Mummy Air Elementalist on Aug 11, 2018.
             Mangled by Sigmund
             ... wielding a +0 scythe
              (8 damage)
             ... on level 3 of the Dungeon.
             The game lasted 00:02:46 (1054 turns).

Amnesiac the Gusty (Mummy Air Elementalist)         Turns: 1054, Time: 00:02:46

Health: -6/24      AC:  2    Str: 11    XL:     3   Next: 5%
Magic:  0/7        EV: 13    Int: 15    God:
Gold:   37         SH:  5    Dex: 12    Spells: 7/8 levels left

rFire    x . .     SeeInvis .   b - +1 dagger (drain)
rCold    + . .     Gourm    .   c - +2 buckler
rNeg     + + +     Faith    .   e - +0 robe
rPois    ∞         Spirit   .   (no helmet)
rElec    .         Reflect  .   (no cloak)
rCorr    .         Harm     .   (no gloves)
MR       .....                  (no boots)
Stlth    ++........             (no amulet)
HPRegen  0.08/turn              k - +2 ring of evasion
MPRegen  0.10/turn              (no ring)

@: very slightly contaminated
A: no food or potions, fire vulnerability, cold resistance 1, negative energy
resistance 3, torment resistance, unbreathing
a: no special abilities


You were on level 3 of the Dungeon.
You were not hungry.

You visited 1 branch of the dungeon, and saw 3 of its levels.

You collected 37 gold pieces.

Inventory:

Hand Weapons
 a - a +0 hunting sling
 b - a +1 dagger of draining (weapon)
 i - a +0 spear
Missiles
 f - 80 stones (quivered)
 g - 16 sling bullets
Armour
 c - a +2 buckler (worn)
 e - a +0 robe (worn)
Jewellery
 k - a +2 ring of evasion (left hand)
 m - an uncursed ring of flight {unknown}
Scrolls
 h - a scroll of immolation {!r, unknown}
 j - a scroll of remove curse {!r, unknown}
 l - a scroll of fog {!r, unknown}
 n - a scroll of identify {!r, unknown}


   Skills:
 - Level 1.5 Dodging
 - Level 1.5 Stealth
 + Level 0.7 Shields
 + Level 3.0 Spellcasting
 - Level 0.7 Conjurations
 * Level 3.1 Air Magic


You had 7 spell levels left.
You knew the following spells:

 Your Spells              Type           Power        Failure   Level  Hunger
a - Shock                 Conj/Air       #...         14%         1    N/A

Your spell library contained the following spells:

 Spells                   Type           Power        Failure   Level  Hunger
 Lightning Bolt           Conj/Air       #.........   98%         5    N/A
 Swiftness                Chrm/Air       #.......     24%         2    N/A
 Airstrike                Air            ##........   63%         4    N/A
 Static Discharge         Conj/Air       #.......     38%         3    N/A

Dungeon Overview and Level Annotations

Branches:
Dungeon (3/15)

Altars:
Nemelex Xobeh

Annotations:
D:3 Sigmund


Innate Abilities, Weirdness & Mutations

You do not eat or drink.
Your flesh is vulnerable to fire.
You are immune to poison.
Your flesh is cold resistant. (rC+)
You are immune to negative energy. (rN+++)
You are immune to unholy pain and torment.
You can survive without breathing.


Message History

Press: ? - help, Shift-Dir - straight line, f - Sigmund
Aim: Sigmund, wielding a scythe and wearing a robe The zap hits Sigmund.
Sigmund is lightly wounded.
The zap hits Sigmund.
Sigmund is moderately wounded.
Sigmund closely misses you.
Unknown command.
Casting: Shock (safe; 14% risk of failure)
Confirm with . or Enter, or press ? or * to list all spells.
Aiming: Shock (safe; 14% risk of failure)
Press: ? - help, Shift-Dir - straight line, f/p - Sigmund
Aim: Sigmund, wielding a scythe and wearing a robe (moderately wounded)
You miscast Shock.
Nothing appears to happen.
Sigmund hits you from afar with a scythe!
* * * LOW HITPOINT WARNING * * *
Unknown command.
Casting: Shock (safe; 14% risk of failure)
Confirm with . or Enter, or press ? or * to list all spells.
Aiming: Shock (safe; 14% risk of failure)
Press: ? - help, Shift-Dir - straight line, f/p - Sigmund
Aim: Sigmund, wielding a scythe and wearing a robe (moderately wounded)
The zap hits Sigmund.
Sigmund is moderately wounded.
The zap hits Sigmund.
Sigmund is heavily wounded.
Unknown command.
Casting: Shock (safe; 14% risk of failure)
Confirm with . or Enter, or press ? or * to list all spells.
Aiming: Shock (safe; 14% risk of failure)
Press: ? - help, Shift-Dir - straight line, f/p - Sigmund
Aim: Sigmund, wielding a scythe and wearing a robe (heavily wounded)
The zap hits Sigmund.
Sigmund is heavily wounded.
The zap hits Sigmund.
Sigmund is severely wounded.
Sigmund barely misses you.
Unknown command.
Casting: Shock (safe; 14% risk of failure)
Confirm with . or Enter, or press ? or * to list all spells.
Aiming: Shock (safe; 14% risk of failure)
Press: ? - help, Shift-Dir - straight line, f/p - Sigmund
Aim: Sigmund, wielding a scythe and wearing a robe (severely wounded)
You miscast Shock.
Wisps of smoke drift from your hands. Sigmund gestures at you while chanting.
The magic dart hits you!
* * * LOW HITPOINT WARNING * * *
Unknown command.
Casting: Shock (safe; 14% risk of failure)
Confirm with . or Enter, or press ? or * to list all spells.
Aiming: Shock (safe; 14% risk of failure)
Press: ? - help, Shift-Dir - straight line, f/p - Sigmund
Aim: Sigmund, wielding a scythe and wearing a robe (severely wounded)
The zap misses Sigmund.
The zap hits Sigmund.
Sigmund is severely wounded.
Sigmund misses you.
Unknown command.
Really read
d - a scroll labeled IXTICV JUGYTY {!r}?
As you read the scroll labeled IXTICV JUGYTY {!r}, it crumbles to dust.
It is a scroll of enchant weapon.
Your +0 dagger of draining glows red for a moment.
Sigmund says, "I'm your fate." Sigmund hits you with a scythe!
You die...

#.####..####......
#.................
#######..###......
#..............@..
....####..#.......
#. #####.#.......
#.........#+
#@###.#...# #@#
#.#...# #.#
#.....# #.#
##....# #.# #....#
#.. .....# ####
##(>.# #..# ..#
..#


You could see Sigmund.

Vanquished Creatures
  An adder (D:2)
  An ooze (D:3)
  A dart slug (D:1)
  2 jackals (D:2)
  4 bats
  2 frilled lizards (D:2)
  A goblin (D:2)
  4 kobolds
  A rat (D:2)
17 creatures vanquished.

Notes
Turn   | Place    | Note
-------+----------+-------------------------------------------
     0 | D:1      | Amnesiac the Mummy Air Elementalist began the quest for the Orb.
     0 | D:1      | Reached XP level 1. HP: 13/13 MP: 4/4
   482 | D:2      | Found a sparkling altar of Nemelex Xobeh.
   504 | D:2      | Reached XP level 2. HP: 10/19 MP: 5/5
   898 | D:3      | Reached XP level 3. HP: 18/24 MP: 7/7
   991 | D:3      | Noticed Sigmund
  1054 | D:3      | Mangled by Sigmund

Vault maps used:
D:1:      dpeg_arrival_concentric_ovals
D:2:      nemelex_xobeh_ov_fountains_minmay, first_ration,
          minmay_misc_feat_rows, minivault_25, grunt_ministairs_11,
          tgw_kikubaaqudgha
D:3:      fedhas_altar_1, uniq_sigmund, uniq_terence, uniq_grinder

Skill      XL: |  1  2 |
---------------+-------+-----
Spellcasting   | 3 |  3.0
Air Magic      | 3 |  3.1
Dodging        | |  1.5
Stealth        | |  1.5
Shields        | |  0.7
Conjurations   | |  0.7

Action                   || total
-------------------------++-------
Melee: Dagger            ||    24
       Spear             ||     3
 Fire: Hunting sling     ||     3
 Cast: Shock             ||    18
  Use: Scroll            ||     1
 Stab: Distracted        ||     1
       Sleeping          ||     1
Armor: Robe              ||     2
Dodge: Dodged            ||    22
Block: Buckler           ||     7

Table legend:
 A = Non-vault XP
 B = Vault XP
 C = Vault XP percentage of total XP
 D = Non-vault monster count
 E = Vault monster count
 F = Vault count percentage of total count
 G = Total turns spent on level
                 A         B        C        D         E       F
            +---------+---------+-------+---------+---------+-------
      Total |      44 |       0 |   0.0 |      17 |       0 |   0.0
            +---------+---------+-------+---------+---------+-------
        D:1 |       8 |       0 |   0.0 |       4 |       0 |   0.0
        D:2 |      26 |       0 |   0.0 |      10 |       0 |   0.0
        D:3 |      10 |       0 |   0.0 |       3 |       0 |   0.0
            +---------+---------+-------+---------+---------+-------
